 Dungeon Crawl Stone Soup version 0.25.1-4-g9407a263a5 (webtiles) character file.

Game seed: 6013319482370489052

4946 Erymatos the Cleaver (level 10, 0/89 (90) HPs)
             Began as a Minotaur Berserker on Nov 25, 2020.
             Was a Priest of Trog.
             Splashed by Joseph's acid (11 damage)
             ... on level 7 of the Dungeon.
             The game lasted 00:07:18 (7221 turns).

Erymatos the Cleaver (Minotaur Berserker)           Turns: 7221, Time: 00:07:19

HP:   0/89 (90)     AC: 10    Str: 29    XL:     10   Next: 28%
MP:   0/9           EV: 10    Int:  4    God:    Trog [***...]
Gold: 443           SH:  0    Dex:  9    Spells: 9/9 levels left

rFire    + . .     SeeInvis .   J - +6 war axe of the Enemy {vamp, rN+ Str+3}
rCold    . . .     Gourm    .   (no shield)
rNeg     + . .     Faith    .   h - +1 plate armour {rF+}
rPois    .         Spirit   +   (helmet restricted)
rElec    .         Reflect  .   (no cloak)
rCorr    .         Harm     .   j - +1 pair of gloves
MR       ++...                  u - +0 pair of boots
Stlth    ..........             l - amulet of guardian spirit
HPRegen  1.24/turn              (no ring)
MPRegen  0.11/turn              (no ring)

@: marked, corroded, berserk cooldown, regenerating, slowed, very slow
A: retaliatory headbutt, horns 2
a: Berserk, Trog's Hand, Renounce Religion


You were on level 7 of the Dungeon.
You worshipped Trog.
Trog was most pleased with you.
You were hungry.

You visited 1 branch of the dungeon, and saw 7 of its levels.

You collected 443 gold pieces.

Inventory:

Hand Weapons
 a - a +0 hand axe
 r - a +2 hand axe of flaming
 t - a +1 war axe of electrocution
 J - the +6 war axe of the Enemy (weapon) {vamp, rN+ Str+3}
   (You found it on level 7 of the Dungeon)

   It inflicts no extra harm, but heals its wielder when it wounds a living foe.
   It affects your strength (+3).
   It protects you from negative energy.
Armour
 h - a +1 plate armour of fire resistance (worn)
 j - a +1 pair of gloves (worn)
 u - a +0 pair of boots (worn)
Jewellery
 l - an amulet of guardian spirit (around neck)
 G - a +6 ring of dexterity {unknown}
Wands
 s - a wand of acid (6)
 x - a wand of iceblast (6)
Scrolls
 d - 3 scrolls of teleportation
 f - 2 scrolls of immolation
 i - 2 scrolls of fear
 n - 3 scrolls of remove curse
 p - 2 scrolls of blinking
 q - a scroll of magic mapping
 y - 2 scrolls of amnesia
 B - a scroll of enchant weapon
 D - a scroll of noise {unknown}
 F - 3 scrolls of identify
 I - a scroll of torment {unknown}
Potions
 e - 2 potions of berserk rage {unknown}
 g - a potion of degeneration {unknown}
 k - 5 potions of heal wounds {unknown}
 m - a potion of resistance {unknown}
 o - a potion of mutation {unknown}
 v - 2 potions of curing {unknown}
 w - a potion of brilliance {unknown}
 z - 2 potions of flight {unknown}
 A - a potion of cancellation {unknown}
 C - 2 potions of might {unknown}
 E - a potion of magic {unknown}
 H - a potion of haste {unknown}
Miscellaneous
 K - a tin of tremorstones (3/3)
Comestibles
 c - 20 rations


   Skills:
 + Level 8.7 Fighting
 + Level 12.3 Axes
 + Level 8.9 Armour
 + Level 5.3 Dodging
 + Level 3.1 Stealth


You had 9 spell levels left.
You didn't know any spells.
Your spell library was empty.

Dungeon Overview and Level Annotations

Branches:
Dungeon (7/15)             Temple (0/1) D:5

Altars:
Dithmenos
Okawaru
Ru
Sif Muna

Annotations:
D:7 Joseph


Innate Abilities, Weirdness & Mutations

You reflexively headbutt those who attack you in melee.
You have a pair of horns on your head.


Message History

Unknown command.
You're still recovering from your berserk rage.
Your ogre goes berserk!
You feel quite a bit more hungry.
You can no longer call in reinforcements.
Okay, then.
Okay, then.
Your skin crawls.
You feel resistant to hostile enchantments.
You are feeling hungry.
Joseph shoots a sling bullet.
The sling bullet barely misses you.
Joseph zaps a wand.
The bolt of acid hits you!
* * * LOW HITPOINT WARNING * * *
The acid corrodes you!
You are splashed with acid!
* * * LOW HITPOINT WARNING * * *
Joseph zaps a wand.
The bolt of acid hits your ogre!
Your ogre is splashed with acid.
The bolt of acid hits you.
* * * LOW HITPOINT WARNING * * *
The acid corrodes you!
You are splashed with acid!
You die...

).....##.# ######.##
#####.##.## .......#
.....##...# ......#
####.##.#.##.. .....### ##
....##.....#.. #......#...
###.##.#.#.##.###..........
...##.......#..............
.#.##.##.##.##.#...((......
#.##..##.##..#.#@.(..?.....
#.##.........#.#..)........
.## #########............?.
##############O............
.............@.............
....))..........#.#########
.†..####..........# #####
#..........# #..........#


You could see Joseph and a friendly ogre (summoned, berserk).

Vanquished Creatures
  Harold (D:7)
  2 cyclopes (D:7)
  Prince Ribbit (D:7)
  Sigmund (D:2)
  A vampire mosquito (D:7)
  2 yaks (D:7)
  3 hogs (D:7)
  A human (D:7)
  Menkaure (D:4)
  2 ice beasts
  4 sky beasts
  A necrophage (D:5)
  2 ogres
  A centaur (D:7)
  A bullfrog (D:7)
  3 killer bees (D:7)
  2 howler monkeys
  A bullfrog zombie (D:5)
  A centaur zombie (D:7)
  An orc priest (D:7)
  A bullfrog skeleton (D:5)
  4 hounds
  5 worker ants
  9 adders
  A river rat (D:4)
  2 shadow imps (D:5)
  2 adder skeletons
  3 worms
  3 dart slugs
  3 leopard geckos
  13 orcs
  10 giant cockroaches
  6 goblins
  6 hobgoblins
  6 jackals
  4 quokkas
  A ball python skeleton (D:4)
  6 bats
  8 frilled lizards
  A jackal skeleton (D:7)
  A jackal zombie (D:7)
  6 kobolds
  A leopard gecko skeleton (D:5)
  A quokka zombie (D:7)
  10 rats
145 creatures vanquished.

Vanquished Creatures (collateral kills)
  A two-headed ogre (D:7)
  A centaur (D:7)
2 creatures vanquished.

Grand Total: 147 creatures vanquished

Notes
Turn   | Place    | Note
-------+----------+-------------------------------------------
     0 | D:1      | Erymatos the Minotaur Berserker began the quest for the
                  | Orb.
     0 | D:1      | Reached XP level 1. HP: 19/19 MP: 0/0
   338 | D:1      | Reached skill level 4 in Axes
   338 | D:1      | Reached XP level 2. HP: 27/27 MP: 1/1
  1029 | D:2      | Reached XP level 3. HP: 31/34 MP: 2/2
  1062 | D:2      | Noticed Sigmund
  1074 | D:2      | Killed Sigmund
  1074 | D:2      | Reached ** piety under Trog
  1074 | D:2      | Reached skill level 5 in Fighting
  1074 | D:2      | Reached skill level 5 in Axes
  1074 | D:2      | Reached XP level 4. HP: 26/42 MP: 3/3
  1074 | D:2      | Reached XP level 5. HP: 30/48 MP: 4/4
  1249 | D:2      | Reached skill level 1 in Stealth
  1745 | D:2      | Found a faded altar of an unknown god.
  2135 | D:2      | Reached XP level 6. HP: 56/56 MP: 5/5
  2469 | D:3      | Reached *** piety under Trog
  2820 | D:3      | Reached skill level 6 in Axes
  3505 | D:4      | Noticed Menkaure
  3510 | D:4      | Killed Menkaure
  3510 | D:4      | Reached XP level 7. HP: 42/62 MP: 2/6
  3722 | D:4      | Reached skill level 7 in Axes
  3824 | D:4      | Found an iron altar of Okawaru.
  4052 | D:4      | Found a sacrificial altar of Ru.
  4312 | D:5      | Entered Level 5 of the Dungeon
  4320 | D:5      | Found a staircase to the Ecumenical Temple.
  4699 | D:5      | Reached skill level 8 in Axes
  5333 | D:6      | Reached XP level 8. HP: 57/70 MP: 5/7
  5586 | D:6      | Found a shadowy altar of Dithmenos.
  6082 | D:7      | Reached **** piety under Trog
  6082 | D:7      | Reached skill level 9 in Axes
  6082 | D:7      | Reached skill level 5 in Armour
  6090 | D:7      | Reached skill level 10 in Axes
  6181 | D:7      | Found a shimmering blue altar of Sif Muna.
  6339 | D:7      | Reached XP level 9. HP: 78/78 MP: 8/8
  6504 | D:7      | Noticed Prince Ribbit
  6787 | D:7      | Noticed a cyclops
  6788 | D:7      | Noticed a cyclops
  6789 | D:7      | Noticed a two-headed ogre
  6789 | D:7      | Identified the +1 ice dragon scales of the Tormentor {rF-
                  | rC++ rN+ Int+4}
  6800 | D:7      | Reached skill level 11 in Axes
  6806 | D:7      | Killed a cyclops
  6806 | D:7      | Reached skill level 5 in Dodging
  6812 | D:7      | Killed a cyclops
  6822 | D:7      | Killed a two-headed ogre
  6822 | D:7      | Reached XP level 10. HP: 8/89 MP: 1/9
  6901 | D:7      | Got a glimmering war axe
  6902 | D:7      | Identified the +6 war axe of the Enemy {vamp, rN+ Str+3}
                  | (You found it on level 7 of the Dungeon)
  6906 | D:7      | Got a polished leather armour
  6917 | D:7      | Identified the cursed +0 leather armour of Kaget {Dex+4}
                  | (You found it on level 7 of the Dungeon)
  7127 | D:7      | Killed Prince Ribbit
  7127 | D:7      | Reached skill level 12 in Axes
  7182 | D:7      | Noticed Harold
  7199 | D:7      | Killed Harold
  7216 | D:7      | Noticed Joseph
  7221 | D:7      | Splashed by Joseph's acid

Illustrated notes

Levels and vault maps discovered:
D:1:      evilmike_arrival_hilbert_curve, layout_basic, serial_curves,
          eino_curves_02, eino_curves_01, eino_curves_01, eino_curves_03
D:2:      layout_loops_ring, chequers_ecumenical_altar_simple_redux,
          uniq_sigmund
D:3:      layout_loops_ring
D:4:      layout_rooms, okawaru_ov_weapons_minmay, gup_sewer_entry_bowl,
          grunt_ministairs_14, ebering_dispersal_statue_hall,
          minmay_misc_feat_ornament, nicolae_zen_rock_garden,
          nicolae_ru_the_path_less_chosen, uniq_menkaure
D:5:      layout_loops_corners, minmay_temple_entry_junction, first_ration
D:6:      layout_basic, minmay_hedge_maze, nicolae_dithmenos_shadow_blocks
D:7:      minmay_the_grid_triangle_9x9_rhombus_full
          [minmay_the_grid_triangle_9x9_sprig,
          minmay_the_grid_triangle_9x9_warning,
          minmay_the_grid_triangle_9x9_descending_squares,
          minmay_the_grid_triangle_9x9_flanged_cone,
          minmay_the_grid_triangle_9x9_pentomino_pain,
          minmay_the_grid_triangle_9x9_minimal,
          minmay_the_grid_triangle_9x9_swiss_cheese,
          minmay_the_grid_triangle_9x9_prize_center], layout_rooms,
          serial_shops, shop, grunt_livestock, lemuel_centaur_altar,
          uniq_joseph, uniq_harold, uniq_prince_ribbit1

Skill      XL: |  1  2  3  4  5  6  7  8  9 10 |
---------------+-------------------------------+-----
Axes           | 4 5 6 8 10 11 12 | 12.3
Fighting       | 4 5 6 7 8 |  8.7
Dodging        | 3 4 5 |  5.3
Stealth        | 1 2 3 |  3.1
Armour         | 3 4 6 8 |  8.9

Action                   |  1- 3 |  4- 6 |  7- 9 | 10-12 || total
-------------------------+-------+-------+-------+-------++-------
Melee: Hand axe          |    48 |   121 |       |       ||   169
       Headbutt          |     7 |    23 |    30 |     3 ||    63
       War axe           |       |    17 |   157 |     9 ||   183
Invok: Berserk           |     1 |     1 |     1 |     1 ||     4
       Brothers in Arms  |       |       |     1 |     2 ||     3
       Trog's Hand       |       |       |       |     2 ||     2
  Use: Scroll            |       |       |     8 |     1 ||     9
 Stab: Sleeping          |       |     2 |       |       ||     2
  Eat: Chunk             |       |     9 |    12 |     1 ||    22
       Ration            |       |       |       |     1 ||     1
Armor: Animal skin       |    10 |    24 |       |       ||    34
       Chain mail        |       |     6 |    76 |       ||    82
       Plate armour      |       |       |       |    13 ||    13
Dodge: Dodged            |    30 |    79 |    79 |     3 ||   191
